AoeStats
← BSV | Gabriel

Golden Pit

508658944Analyzed
1v1 RM · 8d ago on Sep 23, 2026· 33m 21s· 2 players
Game mode
Random Map
Map size
Tiny (2 player)
Population
200
Speed
Normal
Resources
Standard
Victory
Conquest
Starting age
Dark Age
Ending age
Imperial Age
RankedLock teamsTeams togetherTeam positionsShared explorationLock speedFull tech treeHidden civsTurbo modeCheats
Victory
Defeat
🇮🇱 Malay · Israel
1227
+15
🇻🇪 Saxons · Venezuela
1213
-15
BSV | Gabriel
7:10 Loom
9:35 Feudal Age
9:40 Man-at-Arms
11:10 Town Watch
11:21 Fletching
12:20 Double-Bit Axe
17:19 Padded Archer Armor
21:51 Castle Age
21:59 Crossbowman
22:35 Bodkin Arrow
24:31 Bow Saw
25:21 Wheelbarrow
27:15 Hand Cart
31:29 Leather Archer Armor
31:20 Gold Mining
LowEloNOTLegend
3:14 Loom
10:19 Feudal Age
15:25 Fletching
20:21 Castle Age
18:33 Stone Mining
19:04 Double-Bit Axe
19:35 Gold Mining
21:18 Bodkin Arrow
22:27 Crossbowman
25:28 Gold Shaft Mining
27:54 Forging
Connection lost

Rejoining the realm…

Still unreachable

The connection could not be restored.

Session expired

The server has moved on; the page needs a fresh start.